 Dungeon Crawl Stone Soup version 0.24.0-13-gcf9b319 (webtiles) character file.

Game seed: 1862854370452137567, levelgen mode: deterministic

1869 Fang the Grappler (level 8, 0/71 (72) HPs)
             Began as a Troll Wanderer on Dec 13, 2019.
             Succumbed to a killer bee's poison
             ... on level 7 of the Dungeon.
             The game lasted 00:05:02 (5277 turns).

Fang the Grappler (Troll Wanderer)                  Turns: 5277, Time: 00:05:03

HP:   0/71 (72)     AC:  8    Str: 21    XL:     8   Next: 90%
MP:   7/7           EV: 12    Int:  8    God:
Gold: 399           SH:  0    Dex: 11    Spells: 7/7 levels left

rFire    . . .     SeeInvis .     - Unarmed
rCold    . . .     Gourm    +   (no shield)
rNeg     . . .     Faith    .   b - +2 robe
rPois    .         Spirit   .   (helmet restricted)
rElec    .         Reflect  .   (no cloak)
rCorr    +         Harm     .   (gloves unavailable)
MR       .....                  (boots unavailable)
Stlth    +.........             (no amulet)
HPRegen  0.61/turn              k - ring of resist corrosion
MPRegen  0.10/turn              (no ring)

@: lethally poisoned (0 -> -10)
A: large, unfitting armour, claws 3, fast metabolism 3, gourmand, regeneration
1, shaggy fur 1, tough skin 3
a: no special abilities


You were on level 7 of the Dungeon.
You were not hungry.

You visited 1 branch of the dungeon, and saw 7 of its levels.
You also visited: Sewer.

You collected 399 gold pieces.

Inventory:

Hand Weapons
 a - a +0 mace
Armour
 b - a +2 robe (worn)
Jewellery
 k - a ring of resist corrosion (left claw)
 x - an uncursed ring of stealth {unknown}
Wands
 y - a wand of acid (11)
 B - a wand of digging (1)
Scrolls
 e - 3 scrolls of remove curse {unknown}
 f - 3 scrolls of immolation {unknown}
 i - 2 scrolls of fear {unknown}
 j - 3 scrolls of teleportation {unknown}
 m - a scroll of brand weapon {unknown}
 o - 3 scrolls of amnesia {unknown}
 p - 10 scrolls of identify {unknown}
 r - a scroll of enchant armour {unknown}
 t - a scroll of enchant weapon {unknown}
 u - a scroll of random uselessness {unknown}
 w - a scroll of noise {unknown}
 C - a scroll of fog {unknown}
Potions
 c - 5 potions of curing
 g - 8 potions of agility {unknown}
 h - a potion of cancellation {unknown}
 l - 3 potions of haste {unknown}
 n - 3 potions of magic {unknown}
 q - a potion of might {unknown}
 s - 2 potions of flight {unknown}
 v - 2 potions of mutation {unknown}
 z - a potion of degeneration {unknown}
 A - a potion of resistance
 D - a potion of heal wounds {unknown}
Comestibles
 d - 12 rations


   Skills:
 - Level 2.2 Fighting
   Level 2.0 Crossbows
 + Level 6.2 Dodging
   Level 1.5 Shields
 * Level 9.0 Unarmed Combat


You had 7 spell levels left.
You didn't know any spells.
Your spell library contained the following spells:

 Spells                   Type           Power        Failure   Level  Hunger
 Magic Dart               Conj           #...         41%         1    ##.....
 Blink                    Tloc           N/A          54%         2    ###....
 Call Imp                 Summ           #.......     54%         2    ###....
 Slow                     Hex            #.......     54%         2    ###....
 Conjure Flame            Conj/Fire      #.......     78%         3    ####...
 Mephitic Cloud           Conj/Pois/Air  #.......     78%         3    ####...


Dungeon Overview and Level Annotations

Branches:
Dungeon (7/15)              Sewer (visited)
 Temple: D:4-7

Altars:
Makhleb
Okawaru
The Shining One

Annotations:
D:4 3 runed translucent doors, Gorgoleon's ghost, amateur DECj


Innate Abilities, Weirdness & Mutations

You are too large for most types of armour.
You have claws for hands.
Your metabolism is lightning-fast.
You like to eat raw meat.
Your natural rate of healing is unusually fast.
You are covered in fur. (AC +1)
You have extremely tough skin. (AC +3)


Message History

You are more poisoned.
The killer bee poisons you!
You miss the killer bee.
The killer bee is lightly wounded.
* * * LOW HITPOINT WARNING * * *
You feel sick. The killer bee misses you.
The killer bee stings you but does no damage.
The killer bee misses you.
The hound zombie bites you but does no damage.
The killer bee stings you but does no damage.
The killer bee barely misses you.
* * * LOW HITPOINT WARNING * * *
You feel sick. The killer bee closely misses you.
The killer bee stings you but does no damage. x2
The killer bee stings you.
* * * LOW HITPOINT WARNING * * *
The killer bee stings you but does no damage.
* * * LOW HITPOINT WARNING * * *
You feel sick. The killer bee barely misses you.
You die...

#.#...# #.#...# #.#...#
#####.#...# #.........#
#...<.....########
#.....†y...........
#.....Zy.@# #.###
#......y#.# #.#..
.........#.# #.#.#
##########.# #.#.#
#.#######.#.###.#
#......#........#
######.#..#.#####
#.#..#.....#
##############.#..#####.#


You could see 3 killer bees and a hound zombie.

Vanquished Creatures
  Pikel (D:6)
  A slave (D:6)
  An ogre (D:6)
  A necrophage (D:6)
  A centaur (D:5)
  A big kobold (Sewer)
  2 scorpions (D:6)
  2 killer bees (D:7)
  3 crimson imps
  A bullfrog zombie (D:6)
  An orc priest (D:4)
  3 hounds
  Natasha (thrice) (D:4)
  A bullfrog skeleton (D:5)
  2 iguanas (D:5)
  3 orc wizards (D:4)
  5 worker ants
  3 worker ant zombies
  7 gnolls
  10 adders
  2 shadow imps (D:6)
  2 oozes
  An adder skeleton (D:5)
  4 worms
  2 dart slugs
  3 leopard geckos
  18 orcs
  4 ball pythons
  3 giant cockroaches
  6 goblins
  10 hobgoblins
  8 jackals
  6 quokkas
  7 bats
  3 frilled lizards
  A giant cockroach zombie (D:3)
  11 kobolds
  2 quokka skeletons
  11 rats
156 creatures vanquished.

Notes
Turn   | Place    | Note
-------+----------+-------------------------------------------
     0 | D:1      | Fang the Troll Wanderer began the quest for the Orb.
     0 | D:1      | Fang set off with the following items: a +0 mace, a +2
                  | robe, a potion of curing, 2 rations
     0 | D:1      | Reached XP level 1. HP: 19/19 MP: 0/0
    90 | D:1      | Reached XP level 2. HP: 24/28 MP: 1/1
   745 | D:2      | Reached XP level 3. HP: 33/35 MP: 2/2
   882 | D:2      | Reached skill level 1 in Unarmed Combat
   968 | D:2      | Reached XP level 4. HP: 39/42 MP: 3/3
  1021 | D:2      | Reached skill level 2 in Unarmed Combat
  1219 | D:2      | Found an iron altar of Okawaru.
  1372 | D:3      | Reached XP level 5. HP: 45/49 MP: 4/4
  1377 | D:3      | Reached skill level 3 in Unarmed Combat
  1637 | D:3      | Found a glowing golden altar of the Shining One.
  1665 | D:3      | Found a glowing drain.
  1690 | Sewer    | Entered a sewer
  1759 | Sewer    | Reached skill level 4 in Unarmed Combat
  1759 | Sewer    | Reached XP level 6. HP: 53/57 MP: 5/5
  1783 | Sewer    | Found a white marble altar of Elyvilon.
  2092 | D:4      | HP: 1/57 [something/puff of flame (6)]
  2391 | D:4      | Reached skill level 5 in Unarmed Combat
  2425 | D:4      | Noticed Natasha
  2430 | D:4      | Killed Natasha
  2486 | D:4      | Found a runed translucent gate.
  2486 | D:4      | Found a runed translucent gate.
  2499 | D:4      | Found a runed translucent gate.
  2499 | D:4      | Noticed Gorgoleon's ghost (amateur DECj)
  2592 | D:4      | Found a burning altar of Makhleb.
  2599 | D:4      | Reached XP level 7. HP: 63/65 MP: 6/6
  2652 | D:4      | Noticed Natasha
  2657 | D:4      | Killed Natasha
  2737 | D:4      | Noticed Natasha
  2753 | D:4      | Killed Natasha
  2861 | D:5      | Entered Level 5 of the Dungeon
  3157 | D:5      | Reached skill level 6 in Unarmed Combat
  3461 | D:5      | Reached skill level 5 in Dodging
  4187 | D:6      | Reached skill level 7 in Unarmed Combat
  4187 | D:6      | Reached XP level 8. HP: 51/71 MP: 7/7
  4274 | D:6      | Noticed Pikel
  4293 | D:6      | Killed Pikel
  4293 | D:6      | Reached skill level 8 in Unarmed Combat
  5267 | D:7      | Reached skill level 9 in Unarmed Combat
  5275 | D:7      | HP: 3/71 [killer bee (1)]
  5277 | D:7      | Succumbed to a killer bee's poison

Levels and vault maps discovered:
D:1:      lightli_arrival_boilingwater, layout_basic
D:2:      wad_lake_hut, layout_rooms, okawaru_gym_becter
D:3:      layout_rooms, tso_metal_star, serial_undead, serial_undead_a,
          serial_undead_b, serial_undead_a, serial_undead_b, serial_undead_c,
          serial_undead_c, cheibrodos_sewer_entry_drain
D:4:      layout_loops_ring, makhleb_heckhound_becter,
          ebering_ghost_rock_garden, first_ration, corexii_corridor_pit,
          minmay_liquid_box, serial_bayou_pond_c, minivault_4,
          serial_bayou_lake_a, uniq_natasha
D:5:      layout_basic, serial_bayou, serial_bayou_shore_b,
          serial_bayou_shore_b, serial_bayou_ford_a, serial_bayou_crossing
D:6:      layout_gridville, minmay_crystal_room, uniq_pikel
D:7:      layout_basic, minmay_temple_entry_nine_rooms,
          hellmonk_ghost_happy_afterlife, minmay_shop_mass

Skill      XL: |  1  2  3  4  5  6  7  8 |
---------------+-------------------------+-----
Fighting       | 2 |  2.2
Dodging        | 3 4 5 6 |  6.2
Unarmed Combat | 1 2 4 5 7 9 |  9.0
Crossbows      | |  2.0
Shields        | |  1.5

Action                   |  1- 3 |  4- 6 |  7- 9 || total
-------------------------+-------+-------+-------++-------
Melee: Mace              |    39 |       |       ||    39
       Unarmed           |    71 |   255 |   175 ||   501
       Punch             |     1 |       |     4 ||     5
 Stab: Sleeping          |       |     2 |     2 ||     4
  Eat: Chunk             |    15 |    16 |    20 ||    51
Armor: Robe              |    56 |   176 |    66 ||   298
Dodge: Dodged            |    86 |   151 |   114 ||   351
